 Dungeon Crawl Stone Soup version 0.29.1-2-gbd0b4ee654 (webtiles) character file.

Game seed: 3998642987091272022

58 Hadkhar the Trooper (level 4, -1/37 HPs)
             Began as a Human Abyssal Knight on Nov 18, 2022.
             Was a Believer of Lugonu.
             Slain by a ball python (3 damage)
             ... on level 3 of the Dungeon.
             The game lasted 00:04:39 (1870 turns).

Hadkhar the Trooper (Human Abyssal Knight)          Turns: 1870, Time: 00:04:39

Health: -1/37      AC:  3    Str: 15    XL:     4   Next: 20%
Magic:  5/5        EV: 11    Int: 10    God:    Lugonu [**....]
Gold:   50         SH:  0    Dex: 14    Spells: 3/3 levels left

rFire   . . .      SeeInvis .   a - +1 mace
rCold   . . .      Faith    .   (no shield)
rNeg    . . .      Spirit   .   b - +0 leather armour
rPois   .          Reflect  .   (no helmet)
rElec   .          Harm     .   (no cloak)
rCorr   .          Rampage  .   (no gloves)
Will    .....                   (no boots)
Stlth   +.........              (no amulet)
HPRegen 0.12/turn               (no ring)
MPRegen 0.09/turn               (no ring)

@: no status effects
A: no striking features
a: Renounce Religion, Depart the Abyss, Bend Space


You were on level 3 of the Dungeon.
You worshipped Lugonu.
Lugonu was pleased with you.
You visited 1 branch of the dungeon, and saw 3 of its levels.
You visited the Abyss 1 time.

You collected 50 gold pieces.

Inventory:

Hand Weapons
 a - a +1 mace (weapon)
Missiles
 j - a throwing net (quivered)
Armour
 b - a +0 leather armour (worn)
 c - a +0 plate armour
Jewellery
 i - a ring of ice
Scrolls
 d - a scroll of vulnerability {unknown}
 e - a scroll of magic mapping {unknown}
 g - a scroll of summoning {unknown}
 h - a scroll of identify {unknown}
 k - 2 scrolls of teleportation {unknown}
Potions
 f - a potion of curing {unknown}


   Skills:
 * Level 3.8 Fighting
 + Level 2.5 Maces & Flails
 + Level 2.5 Armour
 - Level 1.0 Dodging
 + Level 2.6 Invocations


You had 3 spell levels left.
You didn't know any spells.
Your spell library contained the following spells:

 Spells                   Type           Power      Damage    Failure   Level
 Freeze                   Ice            0%         1d3       43%         1
 Scorch                   Fire           0%         2d5       56%         2
 Frozen Ramparts          Ice            0%         1d1       80%         3
 Flame Wave               Conj/Fire      0%         2d4       99%         4
 Hailstorm                Conj/Ice       0%         3d3       99%         4
 Summon Cactus Giant      Summ           0%         N/A       100%        6


Dungeon Overview and Level Annotations

Branches:
Dungeon (3/15)

Altars:

Shops:
D:1 [


Message History

You kill the orc priest!
Lugonu accepts your kill. The ball python bites you.
* * * LOW HITPOINT WARNING * * *
The ball python grabs you. The ball python constricts you.
* * * LOW HITPOINT WARNING * * *
You have reached level 4!
You feel agile.
You escape the ball python's grasp.
The ball python bites you.
* * * LOW HITPOINT WARNING * * *
The ball python misses you.
The ball python attacks as you move away!
The ball python bites you but does no damage.
The ball python closely misses you.
Found 9 gold pieces.
The ball python closely misses you. The ball python grabs you.
The ball python constricts you.
The ball python's grasp on you weakens, but your attempt to escape fails.
The ball python bites you.
* * * LOW HITPOINT WARNING * * *
The ball python constricts you.
You escape the ball python's grasp.
The ball python attacks as you move away!
The ball python misses you.
You see here 9 gold pieces.
The ball python attacks as you move away!
The ball python bites you.
* * * LOW HITPOINT WARNING * * *
The ball python attacks as you move away!
The ball python bites you but does no damage.
The ball python barely misses you.
The ball python attacks as you move away!
The ball python barely misses you. The ball python misses you.
An endoplasm comes into view.
The ball python attacks as you move away!
The ball python barely misses you. The ball python closely misses you.
A kobold comes into view. It is wielding a +0 short sword.
The kobold shouts!
You hear an angry hiss.
The ball python bites you.
You die...

## ..# ...#
....# ##########
#####.....#
.........#
##.S@......#
.........#
#..###.....#
.........####..#
....#
.........#...o.#
J..#
.........#.##J##
###
...........#..#
......)...#..##
..............#
..............#


You could see an endoplasm (wandering) and a ball python.

Vanquished Creatures
  An orc priest (D:3)
  An adder (D:2)
  2 dart slugs (D:1)
  2 ball pythons
  A giant cockroach (D:1)
  A hobgoblin (D:1)
  2 jackals (D:1)
  3 quokkas (D:1)
  2 bats (D:1)
  2 kobolds (D:1)
17 creatures vanquished.

Notes
Turn   | Place    | Note
-------+----------+-------------------------------------------
     0 | Abyss:1  | Hadkhar the Human Abyssal Knight began the quest for the
                  | Orb.
     0 | Abyss:1  | Reached XP level 1. HP: 18/18 MP: 2/2
     1 | D:1      | Escaped the Abyss
    74 | D:1      | Found Miaxasiy's Antique Armour Shop.
   289 | D:1      | Reached XP level 2. HP: 18/24 MP: 3/3
  1447 | D:2      | Reached XP level 3. HP: 17/29 MP: 4/4
  1859 | D:3      | Reached XP level 4. HP: 4/37 MP: 5/5
  1870 | D:3      | Slain by a ball python

Illustrated notes

Levels and vault maps discovered:
D:1:      dpeg_arrival_long_road, layout_basic, serial_shops,
          nicolae_shop_temple_entry_statues_fountains
D:2:      layout_loops_ring, nicolae_ecumenical_snake_handling,
          grunt_decor_fettered
D:3:      layout_rooms, nicolae_shop_vocational

Action                   |  1- 3 |  4- 6 || total
-------------------------+-------+-------++-------
Melee: Mace              |    81 |       ||    81
       Punch             |     1 |       ||     1
Armor: Leather armour    |    27 |     2 ||    29
Dodge: Dodged            |    64 |     9 ||    73
